 Dungeon Crawl Stone Soup version 0.16.0-16-g311141a (webtiles) character file.

65 DogShitOnMyToe the Sneak (level 3, -3/16 HPs)
             Began as a Spriggan Ice Elementalist on Mar 20, 2015.
             Slain by DogShitOnMyToe's ghost (7 damage)
             ... on level 3 of the Dungeon.
             The game lasted 00:10:39 (2032 turns).

DogShitOnMyToe the Sneak (SpIE)                     Turns: 2032, Time: 00:10:39

Health: -3/16      AC:  2    Str:  4    XL:     3   Next: 94%
Magic:  9/9        EV: 18    Int: 16    God:
Gold:   144        SH:  0    Dex: 17    Spells: 0 memorised, 7 levels left

rFire  . . .     SeeInvis +     f - +3 short sword (vamp)
rCold  . . .     Clarity  .     a - +0 robe
rNeg   + . .     SustAb   .     (shield restricted)
rPois  .         Gourm    .     (helmet restricted)
rElec  .         Spirit   .     (no cloak)
rCorr  .         Warding  .     (gloves unavailable)
rMut   .         Stasis   .     (boots unavailable)
MR     .....                    r - amulet of inaccuracy (curse)
Stlth  +++.......               (no ring)
                                k - ring of positive energy

@: very quick, not resistant to hostile enchantments, fairly stealthy
A: unfitting armour, see invisible, herbivore 3, speed 3, slow metabolism 2
a: no special abilities


You were on level 3 of the Dungeon.
You were not hungry.

You visited 1 branch of the dungeon, and saw 3 of its levels.

You collected 144 gold pieces.

Inventory:

Hand weapons
 e - a +0 whip
 f - a +3 vampiric short sword (weapon)
Missiles
 u - 19 poisoned needles
Armour
 a - a +0 robe (worn)
Jewellery
 k - a ring of positive energy (left hand)
 m - an uncursed amulet of resist mutation
 r - a cursed amulet of inaccuracy (around neck)
Magical devices
 n - a wand of slowing (48)
Scrolls
 c - 2 scrolls of identify
 d - a scroll of fear
 l - a scroll of recharging
 o - 2 scrolls of teleportation
 q - a scroll of amnesia
 s - a scroll of magic mapping {unknown}
Potions
 g - a potion of cancellation
 h - a potion of heal wounds
 i - 2 potions of curing
 j - a potion of resistance {unknown}
 p - a potion of ambrosia {unknown}
Books
 b - a book of Frost

   Spells                             Type                      Level
   a - Freeze                         Ice                          1
   b - Throw Frost                    Conjuration/Ice              2
   c - Ozocubu's Armour               Charms/Ice                   3
   d - Throw Icicle                   Conjuration/Ice              4
   e - Summon Ice Beast               Ice/Summoning                4
   f - Condensation Shield            Ice                          4
Comestibles
 t - a royal jelly


   Skills:
 + Level 3.4 Short Blades
 - Level 3.0 Dodging
 - Level 4.0 Stealth
 - Level 2.6 Spellcasting
   Level 0.6 Conjurations
   Level 2.4 Ice Magic


You had 7 spell levels left.
You didn't know any spells.

Dungeon Overview and Level Annotations

Branches:
Dungeon (3/15)

Altars:

Annotations:
D:3 DogShitOnMyToe's ghost, weakling SpIE


Innate Abilities, Weirdness & Mutations

You are tiny and cannot use many weapons and most armour.
You have supernaturally acute eyesight.
You are a herbivore.
You cover ground extremely quickly.
You need consume almost no food.


Message History

DogShitOnMyToe's ghost (weakling Spriggan Ice Elementalist) comes into view.
It is wielding a weapon of electrocution.
DogShitOnMyToe's ghost turns its malevolent gaze towards you.
Found 5 curare-tipped needles.
Found 12 poisoned needles.
There is a stone staircase leading down here.
You hit DogShitOnMyToe's ghost!
DogShitOnMyToe's ghost is severely damaged.
DogShitOnMyToe's ghost misses you.
You completely miss DogShitOnMyToe's ghost.
DogShitOnMyToe's ghost is severely damaged.
DogShitOnMyToe's ghost completely misses you.
You miss DogShitOnMyToe's ghost.
DogShitOnMyToe's ghost is severely damaged.
DogShitOnMyToe's ghost hits you.
You are electrocuted!
Ouch! That really hurt!
* * * LOW HITPOINT WARNING * * *
You completely miss DogShitOnMyToe's ghost.
DogShitOnMyToe's ghost is severely damaged.
DogShitOnMyToe's ghost hits you!
You die...

#..>....#.....#.. ###
#.<.............###. ...
###..###........#.(..... #.##
#..............## #### ##.##
#.....##....(.. # ##...##...##
#...#........##
##..........#####.........#..#
#............##.......##......
#...[........@W.....#.##.##...
#..........####.....#..#.###..
##(........# #............>#.
##...##...+ #..#.###.#.##...
#### ##.## #..#.###.#.####.
#.# #).....#.#.# ## #.###
#........#.# #
#)..##...###......#.... #
#..........#......####.. #


You could see DogShitOnMyToe's ghost.

Vanquished Creatures
  2 worms
  2 giant geckos (D:1)
  An ooze (D:2)
  An orc (D:3)
  2 ball pythons
  2 giant cockroaches
  7 goblins
  6 hobgoblins
  2 jackals (D:1)
  7 kobolds
  2 quokkas (D:3)
  4 bats
  4 giant newts
  8 rats
50 creatures vanquished.

Notes
Turn   | Place    | Note
--------------------------------------------------------------
     0 | D:1      | DogShitOnMyToe, the Spriggan Ice Elementalist, began the quest for the Orb.
     0 | D:1      | Reached XP level 1. HP: 9/9 MP: 4/4
   186 | D:1      | Reached skill level 4 in Stealth
   226 | D:1      | Reached XP level 2. HP: 13/13 MP: 5/7
   306 | D:1      | Reached skill level 1 in Short Blades
   728 | D:2      | Reached XP level 3. HP: 16/16 MP: 9/9
  1442 | D:3      | Noticed a phantom
  2010 | D:3      | Noticed DogShitOnMyToe's ghost (weakling SpIE)
  2032 | D:3      | Slain by DogShitOnMyToe's ghost

Action                   || total
-------------------------++-------
Melee: Unarmed           ||     7
       Short sword       ||   119
       Whip              ||     2
 Cast: Freeze            ||     5
  Use: Scroll            ||    13
 Stab: Sleeping          ||     7
       Distracted        ||     1
  Eat: Bread ration      ||     1
